 Dungeon Crawl Stone Soup version 0.27.1-1-g398f81649c (webtiles) character file.

Game seed: 5897260216778366730

104 pokedragonboy the Shield-Bearer (level 5, -4/42 HPs)
             Began as a Formicid Fighter on Sept 11, 2021.
             Slain by an orc (6 damage)
             ... on level 3 of the Dungeon.
             The game lasted 00:06:25 (1940 turns).

pokedragonboy the Shield-Bearer (Formicid Fighter)  Turns: 1940, Time: 00:06:26

Health: -4/42      AC:  8    Str: 20    XL:     5   Next: 7%
Magic:  5/5        EV:  8    Int:  9    God:
Gold:   99         SH:  9    Dex: 10    Spells: 4/4 levels left

rFire    . . .     SeeInvis +   a - +0 war axe
rCold    . . .     Faith    .   c - +0 kite shield
rNeg     . . .     Spirit   .   b - +0 scale mail
rPois    .         Reflect  .   (helmet unavailable)
rElec    .         Harm     .   (no cloak)
rCorr    .         Rampage  .   (no gloves)
Will     .....                  g - +0 pair of boots
Stlth    ..........             (no amulet)
HPRegen  0.14/turn              (no ring)
MPRegen  0.09/turn              (no ring)

@: brilliant
A: permanent stasis, dig shafts and tunnels, antennae 3, four strong arms
a: Dig, Shaft Self


You were on level 3 of the Dungeon.
You visited 1 branch of the dungeon, and saw 3 of its levels.

You collected 99 gold pieces.

Inventory:

Hand Weapons
 a - a +0 war axe (weapon)
Armour
 b - a +0 scale mail (worn)
 c - a +0 kite shield (worn)
 g - a +0 pair of boots (worn)
Scrolls
 e - a scroll of torment {unknown}
 f - a scroll of immolation {unknown}
 h - a scroll of magic mapping {unknown}
 k - a scroll of brand weapon {unknown}
Potions
 d - a potion of might
 j - a potion of haste
 m - a potion of flight {unknown}


   Skills:
 + Level 3.9 Fighting
 * Level 3.4 Axes
 + Level 3.9 Armour
 + Level 4.3 Shields


You had 4 spell levels left.
You didn't know any spells.
Your spell library contained the following spells:

 Spells                   Type           Power      Damage    Failure   Level
 Static Discharge         Conj/Air       0%         N/A       99%         2
 Lightning Bolt           Conj/Air       0%         1d11      100%        5
 Maxwell's Capacitive Co  Air            0%         ∞         100%        8


Dungeon Overview and Level Annotations

Branches:
Dungeon (3/15)

Altars:


Innate Abilities, Weirdness & Mutations

You cannot be hasted, slowed, berserked, paralysed or teleported.
You can dig through walls and to a lower floor.
You have a pair of large antennae on your head. (SInv)
Your four strong arms can wield two-handed weapons with a shield.


Message History

The orc priest mumbles some strange prayers to Beogh against you.
Pain shoots through your body!
* * * LOW HITPOINT WARNING * * *
The orc priest miscasts a cantrip.
You slash the orc priest!
You kill the orc priest!
You block the orc's attack.
You have reached level 5!
Okay, then.
You hit the orc.
The orc is lightly wounded.
You block the orc's attack.
You closely miss the orc.
The orc is lightly wounded.
You block the orc's attack. The orc closely misses you.
You hit the orc but do no damage.
The orc is lightly wounded.
You block the orc's attack.
You hit the orc.
The orc is heavily wounded.
The orc hits you with a +0 dagger.
* * * LOW HITPOINT WARNING * * *
The orc hits you with a +0 dagger.
* * * LOW HITPOINT WARNING * * *
You slash the orc!
You kill the orc!
You hit the orc.
The orc is moderately wounded.
The orc hits you with a +0 flail.
* * * LOW HITPOINT WARNING * * *
You block the orc's attack.
It was a potion of haste.
Your stasis prevents you from being hasted.
The orc hits you but does no damage.
It was a potion of brilliance.
You feel clever all of a sudden. The orc closely misses you.
It was a potion of magic.
Magic courses through your body. The orc hits you with a +0 flail.
You die...

.....##..o.<..#
.....(..o....##
..............#
.....)?.......#
........$<....#
.......#.)...##
.......#....##
. #o#####
......{#@#
......{###
....... .......
....... ......#
.....#


You could see an orc.

Vanquished Creatures
  An orc priest (D:3)
  2 adders (D:2)
  An adder skeleton (D:2)
  2 dart slugs (D:1)
  2 orcs (D:3)
  3 ball pythons
  7 bats
  6 endoplasms
  A giant cockroach (D:1)
  2 goblins (D:2)
  A hobgoblin (D:2)
  2 jackals (D:2)
  A quokka (D:1)
  4 frilled lizards
  8 kobolds
  2 rats (D:2)
45 creatures vanquished.

Notes
Turn   | Place    | Note
-------+----------+-------------------------------------------
     0 | D:1      | pokedragonboy the Formicid Fighter began the quest for the
                  | Orb.
     0 | D:1      | Reached XP level 1. HP: 18/18 MP: 1/1
   100 | D:1      | Reached XP level 2. HP: 24/24 MP: 2/2
   463 | D:1      | Found a faded altar of an unknown god.
   573 | D:2      | Reached XP level 3. HP: 27/29 MP: 3/3
   875 | D:2      | Reached skill level 4 in Shields
  1236 | D:2      | Reached XP level 4. HP: 33/37 MP: 4/4
  1932 | D:3      | Reached XP level 5. HP: 9/42 MP: 5/5
  1937 | D:3      | HP: 2/42 [orc (4)]
  1940 | D:3      | Slain by an orc

Illustrated notes

Levels and vault maps discovered:
D:1:      nzn_arrival_depleted_hourglass, layout_rooms,
          shapermc_ecumenical_altar_notcrosses
D:2:      layout_basic
D:3:      minmay_roachtagon, layout_rooms, st_stairs_13

Skill      XL: |  1  2  3  4 |
---------------+-------------+-----
Shields        | 4 |  4.3
Axes           | 3 |  3.4
Fighting       | |  3.9
Armour         | |  3.9

Action                   |  1- 3 |  4- 6 || total
-------------------------+-------+-------++-------
Melee: War axe           |    87 |    67 ||   154
 Abil: Dig               |     6 |     1 ||     7
  Use: Potion            |       |     3 ||     3
Armor: Scale mail        |    37 |    30 ||    67
Dodge: Dodged            |    27 |    15 ||    42
Block: Kite shield       |    48 |    36 ||    84
